 Dungeon Crawl Stone Soup version 0.31-a0-620-gd1cbd99268 (webtiles) character file.

Game seed: 6315746897238867864

3759 LustLizard the Ruffian (level 10, 0/66 HPs)
             Began as an Octopode Shapeshifter on Aug 24, 2023.
             Was a Follower of Vehumet.
             Slain by a centaur warrior (4 damage)
             ... on level 8 of the Dungeon.
             The game lasted 00:16:19 (8646 turns).

LustLizard the Ruffian (Octopode Shapeshifter)      Turns: 8646, Time: 00:16:20

Health: 0/66       AC:  1    Str: 28    XL:     10   Next: 15%
Magic:  16/16      EV: 13    Int: 14    God:    Vehumet [*.....]
Gold:   388        SH:  4    Dex: 12    Spells: 11/17 levels left

rFire   . .          .
                       - Unarmed
rCold   . . .        E - +0 buckler
rNeg    + . .        (helmet currently unavailable)
rPois   .            (no amulet)
rElec   .            o - ring of positive energy
rCorr   .            u - +6 ring of strength
SInv    .            F - +6 ring of strength
Will    .....        (no ring)
Stlth   +++          (no ring)
HPRegen 0.31/turn    (no ring)
MPRegen 0.15/turn    (no ring)
                     (no ring)

%: no passive effects
@: beast-form
A: beast (slay +3), almost no armour, amphibious, 8 rings, camouflage 1,
gelatinous body 1, (nimble swimmer 1), tentacles
a: Begin Untransformation, Renounce Religion


You were on level 8 of the Dungeon.
You worshipped Vehumet.
Vehumet was aware of your devotion.
You were a hulking beast.
You visited 2 branches of the dungeon, and saw 9 of its levels.

You collected 428 gold pieces.
You spent 40 gold pieces at shops.

Inventory:

Missiles
 y - 2 atropa-tipped darts
Armour
 E - a +0 buckler (worn)
Jewellery
 h - a ring of ice
 o - a ring of positive energy (left tentacle)
 u - a +6 ring of strength (right tentacle)
 v - an amulet of faith
 F - a +6 ring of strength (on tentacle)
Talismans
 b - a beast talisman (active)
 c - a flux talisman
 z - a serpent talisman
Wands
 r - a wand of flame (10)
 A - a wand of polymorph (16)
 C - a wand of iceblast (7)
 G - a wand of quicksilver (7)
Scrolls
 d - a scroll of acquirement {unknown}
 e - 3 scrolls of teleportation {unknown}
 f - a scroll of vulnerability {unknown}
 g - a scroll of enchant weapon {unknown}
 j - 2 scrolls of enchant armour
 k - 2 scrolls of amnesia {unknown}
 l - 5 scrolls of poison {unknown}
 p - a scroll of fog {unknown}
 q - 4 scrolls of silence
 s - 2 scrolls of fear
 t - a scroll of revelation {unknown}
Potions
 a - a potion of lignification
 i - 2 potions of attraction
 m - a potion of resistance
 n - a potion of heal wounds
 w - a potion of cancellation
 x - 4 potions of curing
 B - a potion of berserk rage
 D - a potion of invisibility {unknown}
 H - a potion of brilliance {unknown}
 I - a potion of haste {unknown}
 J - a potion of enlightenment {unknown}


   Skills:
 + Level 5.0 Fighting
 + Level 3.7 Dodging
 - Level 4.0 Stealth
 + Level 3.0 Shields
 + Level 6.6 Unarmed Combat
 + Level 4.0 Spellcasting
 * Level 5.5 Fire Magic
 * Level 5.6 Air Magic
 + Level 5.4 Shapeshifting


You had 11 spell levels left.
You knew the following spells:

 Your Spells              Type           Power      Damage    Failure   Level
a - Plasma Beam           Fire/Air       9%         2x1d19    98%         6

Your spell library contained the following spells:

 Spells                   Type           Power      Damage    Failure   Level
 Shock                    Conj/Air       40%        1d5       7%          1
 Vhi's Electric Charge    Tloc/Air       20%        N/A       21%         3
 Magic Dart               Conj           8%         1d3       22%         1
 Slow                     Hex            8%         N/A       22%         1
 Mephitic Cloud           Conj/Pois/Air  8%         N/A       30%         3
 Call Imp                 Summ           4%         N/A       32%         2
 Ensorcelled Hibernation  Hex/Ice        4%         N/A       32%         2
 Confusing Touch          Hex            2%         N/A       54%         3
 Vampiric Draining        Necr           2%         2d6       54%         3
 Arcjolt                  Conj/Air       5%         1d15      88%         5
 Anguish                  Hex/Necr       1%         N/A       91%         4


Dungeon Overview and Level Annotations

Branches:
Dungeon (8/15)             Temple (1/1) D:6
   Lair: D:8-11

Altars:
Ashenzari
Cheibriados
Dithmenos
Elyvilon
Fedhas
Gozag
Hepliaklqana
Kikubaaqudgha
Makhleb
Nemelex Xobeh
Okawaru
Qazlal
Ru
Sif Muna
Trog
Uskayaw
Vehumet
Wu Jian
Xom
Yredelemnul
Zin
The Shining One

Shops:
D:2 *   D:5 (


Innate Abilities, Weirdness & Mutations

You are a hulking beast.
Your limbs bulge with bestial killing power. (Slay +3)
You cannot wear most types of armour.
You are amphibious.
You can wear up to eight rings at the same time.
Your skin changes colour to match your surroundings (Stealth+).
Your rubbery body absorbs attacks. (AC +1, EV +1)
((You are camouflaged when in or above water. (Stealth+)))
You have tentacles for arms and can constrict up to eight enemies at once.


Message History

The centaur warrior shouts!
An efreet comes into view.
It is wielding a +0 scimitar of flaming.
The helpless gnoll sergeant fails to defend itself.
You bludgeon the gnoll sergeant! You grab the gnoll sergeant.
You squeeze the gnoll sergeant!
The gnoll sergeant is almost dead.
You constrict the gnoll sergeant, but do no damage.
The gnoll sergeant hits you with a +2 trident of protection!
You tentacle-slap the gnoll sergeant but do no damage.
The gnoll sergeant is almost dead.
You constrict the gnoll sergeant. The gnoll sergeant barely misses you.
The centaur warrior shouts!
You tentacle-slap the gnoll sergeant.
You kill the gnoll sergeant!
Vehumet accepts your kill.
There are monsters nearby!
The centaur warrior wields a +0 shortbow.
The centaur warrior shoots an arrow.
The arrow hits you!!
The centaur warrior unwields a +0 shortbow.
You block the centaur warrior's attack. The centaur warrior kicks you.
You bludgeon the centaur warrior!
The centaur warrior is lightly wounded.
The centaur warrior closely misses you. The centaur warrior kicks you.
The centaur warrior hits you!
* * * LOW HITPOINT WARNING * * *
The centaur warrior kicks you.
* * * LOW HITPOINT WARNING * * *
You feel much better. The centaur warrior hits you!
The centaur warrior kicks you.
You tentacle-slap the centaur warrior but do no damage.
You squeeze the centaur warrior!
The centaur warrior is moderately wounded.
The centaur warrior hits you!
* * * LOW HITPOINT WARNING * * *
The centaur warrior kicks you.
* * * LOW HITPOINT WARNING * * *
The centaur warrior hits you.
* * * LOW HITPOINT WARNING * * *
The centaur warrior kicks you.
You die...

........##.###.###.....#.........
...............#####.............
..........#.....#......##........
....... #.#....................
....... .##......................
.......#.........................
.........................####....
.........#.....#c........# .....
.........##...##h....#.... .....
.........###.###......... .....
...##.###.##.##.###......
.......###.#.#)###....##.
........####.####......#
.V..........⌠..........#
........####.####........
.......###.#.#R###.......
##....###.##.##.###..##.


You could see a centaur warrior and an efreet.

Vanquished Creatures
  Pikel (D:5)
  Jeremiah (D:6)
  Grinder (D:5)
  Sigmund (D:3)
  A vampire (D:8)
  A steam dragon (D:7)
  A water moccasin (D:8)
  3 orc warriors
  2 black bears (D:6)
  2 sky beasts (D:6)
  An ogre (D:5)
  A lemure (D:4)
  2 gnoll sergeants
  2 bullfrogs
  5 wights
  3 scorpions
  A howler monkey (D:6)
  2 jellies (D:5)
  3 orc priests
  A gnoll bouda (D:7)
  Crazy Yiuf (D:4)
  3 iron imps (D:3)
  Jessica (D:3)
  An iguana (D:6)
  An orc wizard (D:4)
  Terence (D:2)
  Robin (D:3)
  7 adders
  16 gnolls
  A white imp (D:6)
  3 ufetubi (D:5)
  A worm (D:2)
  2 dart slugs
  27 orcs
  9 ball pythons
  10 bats
  8 endoplasms
  4 giant cockroaches
  16 goblins
  6 hobgoblins
  4 jackals
  8 kobolds
  4 quokkas
  A frilled lizard (D:1)
  9 rats
180 creatures vanquished.

Vanquished Creatures (others)
  An orc (D:6)
1 creature vanquished.

Grand Total: 181 creatures vanquished

Notes
Turn   | Place    | Note
-------+----------+-------------------------------------------
     0 | D:1      | LustLizard the Octopode Shapeshifter began the quest for
                  | the Orb.
     0 | D:1      | Reached XP level 1. HP: 13/13 MP: 1/1
   129 | D:1      | Reached XP level 2. HP: 18/18 MP: 2/2
   135 | D:1      | Reached skill level 1 in Stealth
   342 | D:1      | Reached XP level 3. HP: 21/23 MP: 3/3
  1064 | D:2      | Found Jiwarch's General Store.
  1140 | D:2      | Noticed Terence
  1385 | D:2      | Reached XP level 4. HP: 26/29 MP: 4/4
  1802 | D:2      | Reached skill level 4 in Unarmed Combat
  1914 | D:2      | Killed Terence
  2005 | D:2      | Bought a scroll of fear for 40 gold pieces
  2091 | D:3      | Noticed Sigmund
  2097 | D:3      | Killed Sigmund
  2098 | D:3      | Reached skill level 1 in Spellcasting
  2098 | D:3      | Reached XP level 5. HP: 27/35 MP: 4/6
  2098 | D:3      | Reached XP level 6. HP: 32/41 MP: 4/7
  2255 | D:3      | Noticed Robin
  2277 | D:3      | Killed Robin
  2356 | D:3      | Noticed Jessica
  2364 | D:3      | Killed Jessica
  2861 | D:3      | Found a burning altar of Makhleb.
  2904 | D:3      | Reached skill level 5 in Unarmed Combat
  2983 | D:3      | Learned a level 6 spell: Plasma Beam
  3087 | D:4      | Reached XP level 7. HP: 41/45 MP: 9/9
  3465 | D:4      | Found a runed translucent door.
  3466 | D:4      | Noticed Crazy Yiuf
  3742 | D:4      | Found a basalt altar of Yredelemnul.
  3742 | D:4      | Found a sparkling altar of Nemelex Xobeh.
  3750 | D:4      | Found a faded altar of an unknown god.
  3752 | D:4      | Found a faded altar of an unknown god.
  3754 | D:4      | Found a shimmering blue altar of Sif Muna.
  3918 | D:4      | Reached skill level 1 in Fire Magic
  3918 | D:4      | Reached skill level 1 in Air Magic
  4138 | D:4      | Killed Crazy Yiuf
  4208 | D:5      | Entered Level 5 of the Dungeon
  4208 | D:5      | Noticed Pikel
  4552 | D:5      | Killed Pikel
  4553 | D:5      | Reached XP level 8. HP: 19/54 MP: 9/11
  4998 | D:5      | Noticed Grinder
  5202 | D:5      | Found Jagoyrph's Weapon Shop.
  5308 | D:5      | Found a white marble altar of Elyvilon.
  5716 | D:6      | Noticed Jeremiah
  5825 | D:6      | Reached skill level 1 in Shields
  5902 | D:6      | Found a staircase to the Ecumenical Temple.
  5921 | Temple   | Entered the Ecumenical Temple
  5932 | Temple   | Became a worshipper of Vehumet
  5965 | D:6      | Found a shadowy altar of Dithmenos.
  6018 | D:6      | Reached XP level 9. HP: 50/58 MP: 13/13
  6125 | D:6      | Reached skill level 6 in Unarmed Combat
  7064 | D:7      | Reached skill level 5 in Shapeshifting
  7842 | D:8      | Reached skill level 5 in Air Magic
  7883 | D:8      | Noticed a centaur warrior
  8018 | D:5      | Killed Grinder
  8018 | D:5      | Reached * piety under Vehumet
  8018 | D:5      | Offered knowledge of Shock by Vehumet.
  8019 | D:5      | Reached skill level 5 in Fire Magic
  8202 | D:6      | Killed Jeremiah
  8203 | D:6      | Reached XP level 10. HP: 36/65 MP: 15/15
  8352 | D:7      | Reached skill level 5 in Fighting
  8646 | D:8      | Slain by a centaur warrior

Illustrated notes

Levels and vault maps discovered:
D:1:      roderic_crossed_star, layout_loops_ring
D:2:      layout_basic, serial_shops, shop, uniq_terence
D:3:      layout_basic, demons_altar, solitary_fountain,
          grunt_decor_mini_mirrors, uniq_robin, uniq_jessica, uniq_sigmund
D:4:      layout_loops_corners, chequers_temple_overflow_minitemple,
          uniq_crazy_yiuf_cottage
D:5:      layout_cave_pods, mainiacjoe_overflow_alcove_2, serial_shops,
          nicolae_shop_back_alley_shop, minmay_between, uniq_grinder, uniq_pikel
D:6:      layout_loops_ring, nicolae_dithmenos_the_darkroom,
          minmay_temple_entry_grid, minmay_circle_x, uniq_jeremiah
D:7:      hellmonk_destroyed_diamonds, layout_rooms
D:8:      layout_cave_pools, kb_rosetta, uniq_maggie
Temple:   nicolae_temple_superstar

Skill      XL: |  1  2  3  4  5  6  7  8  9 10 |
---------------+-------------------------------+-----
Stealth        | 1 2 3 4 |  4.0
Unarmed Combat | 4 5 6 |  6.6
Fighting       | 2 3 4 5 |  5.0
Spellcasting   | 1 2 3 4 |  4.0
Shapeshifting  | 4 5 |  5.4
Fire Magic     | 2 3 5 |  5.5
Air Magic      | 2 4 5 |  5.6
Shields        | 1 2 3 |  3.0
Dodging        | 3 |  3.7

Action                     |  1- 3 |  4- 6 |  7- 9 | 10-12 || total
---------------------------+-------+-------+-------+-------++-------
  Melee: Unarmed           |    84 |    86 |   192 |    23 ||   385
         Constrict         |    19 |    24 |    53 |     7 ||   103
         Tentacles         |    18 |    15 |    45 |     6 ||    84
         Punch             |       |     3 |    12 |     4 ||    19
  Throw: Dart              |       |       |     2 |       ||     2
  Evoke: Wand              |       |       |    10 |       ||    10
    Use: Scroll            |     4 |     1 |     3 |       ||     8
         Potion            |       |       |       |     2 ||     2
   Stab: Sleeping          |       |     4 |     8 |     1 ||    13
 Armour: Skin              |     7 |     4 |     7 |       ||    18
  Dodge: Dodged            |    33 |    30 |    84 |    16 ||   163
  Block: Buckler           |       |       |    12 |     4 ||    16

Table legend: (Time is in decaauts)
 A = Elapsed time spent in this place.
 B = Non-inter-level travel time spent in this place.
 C = Inter-level travel time spent in this place.
 D = Time resting spent in this place.
 E = Time spent auto-exploring this place.
 F = Levels seen in this place.
 G = Mean time per level.
                   A        B        C        D        E       F      G
               +--------+--------+--------+--------+--------+-----+--------+
         Total |   8619 |   7823 |    796 |    796 |   4982 |   9 |  957.7 |
       Dungeon |   8596 |   7820 |    776 |    796 |   4982 |   8 | 1074.5 |
        Temple |     22 |      2 |     20 |      0 |      0 |   1 |   22.0 |
               +--------+--------+--------+--------+--------+-----+--------+

Top non-repeatable levels by time:
     D:6: 1566 daAuts
     D:5: 1408 daAuts
     D:4: 1251 daAuts
     D:3: 1124 daAuts
     D:1: 1003 daAuts
     D:2: 997 daAuts
     D:7: 795 daAuts
     D:8: 449 daAuts
  Temple: 22 daAuts
